 Dungeon Crawl Stone Soup version 0.27-a0-1220-g54dba09ff7 (webtiles) character file.

Game seed: 10625149816420522477

25 Delamore the Shield-Bearer (level 3, -1/33 HPs)
             Began as a Formicid Fighter on June 7, 2021.
             Succumbed to an adder's poison
             ... on level 1 of the Dungeon.
             The game lasted 00:01:07 (962 turns).

Delamore the Shield-Bearer (Formicid Fighter)        Turns: 962, Time: 00:01:08

Health: -1/33      AC:  6    Str: 21    XL:     3   Next: 17%
Magic:  3/3        EV:  8    Int:  7    God:
Gold:   59         SH:  9    Dex: 10    Spells: 2/2 levels left

rFire    . . .     SeeInvis +   a - +0 trident
rCold    . . .     Faith    .   c - +0 kite shield
rNeg     . . .     Spirit   .   b - +0 scale mail
rPois    .         Reflect  .   (helmet unavailable)
rElec    .         Harm     .   (no cloak)
rCorr    .         Rampage  .   (no gloves)
Will     .....                  (no boots)
Stlth    +.........             (no amulet)
HPRegen  0.11/turn              (no ring)
MPRegen  0.08/turn              (no ring)

@: lethally poisoned (-1 -> -7)
A: permanent stasis, dig shafts and tunnels, antennae 3, four strong arms,
camouflage 1, robust 1
a: Dig, Shaft Self


You were on level 1 of the Dungeon.
You visited 1 branch of the dungeon, and saw 2 of its levels.

You collected 59 gold pieces.

Inventory:

Hand Weapons
 a - a +0 trident (weapon)
Armour
 b - a +0 scale mail (worn)
 c - a +0 kite shield (worn)
Scrolls
 e - a scroll of noise {unknown}
 g - a scroll of summoning {unknown}
Potions
 d - 2 potions of might


   Skills:
 + Level 3.6 Fighting
 * Level 2.8 Polearms
 - Level 3.2 Armour
 + Level 3.9 Shields


You had 2 spell levels left.
You didn't know any spells.
Your spell library was empty.

Dungeon Overview and Level Annotations

Branches:
Dungeon (2/15)

Altars:

Shops:
D:1 (


Innate Abilities, Weirdness & Mutations

You cannot be hasted, slowed, berserked, paralysed or teleported.
You can dig through walls and to a lower floor.
You have a pair of large antennae on your head. (SInv)
Your four strong arms can wield two-handed weapons with a shield.
Your skin changes colour to match your surroundings (Stealth+).
You are robust. (+10% HP)


Message History

The jackal bites you but does no damage.
The orc hits you from afar with a +0 trident.
The jackal barely misses you.
The frilled lizard bites you but does no damage.
You block the orc's attack.
You puncture the jackal!
You kill the jackal!
The frilled lizard bites you but does no damage.
You block the orc's attack. The adder completely misses you.
You block the frilled lizard's attack.
The orc hits you from afar with a +0 trident!
* * * LOW HITPOINT WARNING * * *
The adder bites you but does no damage.
You climb upwards.
There is a stone staircase leading down here.
You closely miss the adder. You block the adder's attack.
The frilled lizard bites you but does no damage.
You block the adder's attack.
The frilled lizard bites you but does no damage.
You closely miss the adder. The adder bites you but does no damage.
The frilled lizard closely misses you. You block the adder's attack.
The adder bites you.
* * * LOW HITPOINT WARNING * * *
You are poisoned.
The adder poisons you!
* * * LOW HITPOINT WARNING * * *
You feel sick.
It was a potion of mutation.
You feel extremely strange.
You feel robust.
Your skin functions as natural camouflage.
You feel sick. The adder barely misses you. x2
You feel sick.
You feel sick.
You feel sick. The adder bites you.
* * * LOW HITPOINT WARNING * * *
You are lethally poisoned!
The adder poisons you!
* * * LOW HITPOINT WARNING * * *
You feel sick.
You die...

....#≈P8P.8.≈##.# #.#
#.#.##.P...≈###.# #.#
#.#......<≈≈....#######.#
#.#.##.P..♣≈##..........#
#.###≈P8P♣8♣≈#.........##
....##≈P≈≈♣≈###..#####.#
..#####≈##≈## #..# #.#
...# ###### #..#####.####
#..# #.#.# #.@##.......#
#..# #.#.####..##.##.##.#
#.##
#........S##.##.##.## .##
#...#####[.{........#
.#######.###
####l##.##..# .........#
#.##.##..# ......####
#l>......# #####.#
####.###.#
#####.############## #.#
#.#


You could see an adder.

Vanquished Creatures
  A dart slug (D:1)
  An endoplasm (D:1)
  A giant cockroach (D:1)
  3 goblins (D:1)
  3 hobgoblins (D:1)
  2 jackals (D:2)
  A quokka (D:1)
  A bat (D:1)
  A frilled lizard (D:1)
  4 kobolds (D:1)
  2 rats (D:1)
20 creatures vanquished.

Vanquished Creatures (others)
  4 toadstools (D:1)
4 creatures vanquished.

Grand Total: 24 creatures vanquished

Notes
Turn   | Place    | Note
-------+----------+-------------------------------------------
     0 | D:1      | Delamore the Formicid Fighter began the quest for the Orb.
     0 | D:1      | Reached XP level 1. HP: 18/18 MP: 1/1
   199 | D:1      | Reached XP level 2. HP: 24/24 MP: 2/2
   251 | D:1      | Found Xuoll's Antique Weapon Boutique.
   807 | D:1      | Reached XP level 3. HP: 27/29 MP: 3/3
   957 | D:1      | Gained mutation: You are robust. (+10% HP) [potion of
                  | mutation]
   957 | D:1      | Gained mutation: Your skin changes colour to match your
                  | surroundings (Stealth+). [potion of mutation]
   961 | D:1      | HP: 1/33 [poisoned by an adder]
   962 | D:1      | Succumbed to an adder's poison

Illustrated notes

Levels and vault maps discovered:
D:1:      ldierk_walled_garden_2, layout_loops_ring, serial_shops,
          nicolae_shop_window_shopping
D:2:      layout_rooms, uniq_jessica

Action                   || total
-------------------------++-------
Melee: Trident           ||    66
  Use: Potion            ||     1
Armor: Scale mail        ||    28
Dodge: Dodged            ||    19
Block: Kite shield       ||    40

Table legend: (Time is in decaauts)
 A = Elapsed time spent in this place.
 B = Non-inter-level travel time spent in this place.
 C = Inter-level travel time spent in this place.
 D = Time resting spent in this place.
 E = Time spent auto-exploring this place.
 F = Levels seen in this place.
 G = Mean time per level.
                   A        B        C        D        E       F      G
               +--------+--------+--------+--------+--------+-----+--------+
         Total |    985 |    971 |     14 |    138 |    681 |   2 |  492.5 |
       Dungeon |    985 |    971 |     14 |    138 |    681 |   2 |  492.5 |
               +--------+--------+--------+--------+--------+-----+--------+

Top non-repeatable levels by time:
     D:1: 970 daAuts
     D:2: 15 daAuts
